 Dungeon Crawl Stone Soup version 0.18.1-6-gd335043 (webtiles) character file.

473 Mefis the Magician (level 6, 0/32 HPs)
             Began as a Deep Elf Wizard on May 20, 2016.
             Was an Initiate of Sif Muna.
             Succumbed to Duvessa's poison
             ... on level 3 of the Dungeon.
             The game lasted 00:15:40 (4347 turns).

Mefis the Magician (Deep Elf Wizard)                Turns: 4347, Time: 00:15:41

Health: 0/32       AC:  9    Str:  4    XL:     6   Next: 84%
Magic:  1/16       EV: 13    Int: 25    God:    Sif Muna [......]
Gold:   192        SH:  0    Dex: 13    Spells: 6 memorised, 3 levels left

rFire  . . .     SeeInvis .     p - +1 short sword (elec)
rCold  . . .     Gourm    .     a - +0 robe
rNeg   . . .     Faith    .     (no shield)
rPois  +         Spirit   .     f - +2 helmet
rElec  .         Dismiss  +     q - +0 cloak (curse)
rCorr  .         Reflect  .     k - +1 pair of gloves
SustAt .         Harm     .     m - +0 pair of boots
MR     .....                    i - amulet of dismissal
Stlth  ++........               (no ring)
                                n - ring of poison resistance

@: lethally poisoned (0 -> -20), very slightly contaminated, repel missiles, not
resistant to hostile enchantments, unstealthy
A: no striking features
a: Renounce Religion


You were on level 3 of the Dungeon.
You worshipped Sif Muna.
Sif Muna was noncommittal.
You were hungry.

You visited 1 branch of the dungeon, and saw 4 of its levels.

You collected 192 gold pieces.

Inventory:

Hand Weapons
 e - a +0 dagger
 p - a +1 short sword of electrocution (weapon)
 r - a +0 shortbow
Missiles
 D - 8 curare-tipped needles
Armour
 a - a +0 robe (worn)
 b - a +0 hat
 f - a +2 helmet (worn)
 k - a +1 pair of gloves (worn)
 m - a +0 pair of boots (worn)
 q - a cursed +0 cloak (worn)
 u - a +0 buckler
Jewellery
 i - an amulet of dismissal (around neck)
 n - a ring of poison resistance (left hand)
Wands
 s - a wand of confusion (21/48)
Scrolls
 o - a scroll of recharging {unknown}
 t - a scroll of remove curse {unknown}
 w - a scroll of amnesia {unknown}
 x - a scroll of fog {unknown}
 y - a scroll of identify
 E - a scroll of immolation {unknown}
Potions
 g - 2 potions of curing
 h - a potion of berserk rage {unknown}
 l - 2 potions of heal wounds {unknown}
 v - a potion of flight {unknown}
 B - a potion of degeneration {unknown}
 C - a potion of cure mutation {unknown}
Books
 c - a book of Minor Magic

   Spells                             Type                      Level
   a - Magic Dart                     Conjuration                  1
   b - Blink                          Translocation                2
   c - Call Imp                       Summoning                    2
   d - Repel Missiles                 Charms/Air                   2
   e - Slow                           Hexes                        2
   f - Conjure Flame                  Conjuration/Fire             3
   g - Mephitic Cloud                 Conjuration/Poison/Air       3
Comestibles
 d - 3 bread rations
 z - a meat ration


   Skills:
 + Level 3.5 Dodging
 + Level 3.8 Stealth
 * Level 1.4 Shields
 + Level 5.8 Spellcasting
 * Level 3.8 Conjurations
 + Level 2.6 Summonings
 - Level 1.1 Translocations
 + Level 1.9 Fire Magic
 + Level 1.5 Poison Magic
 + Level 1.4 Invocations


You had 3 spell levels left.
You knew the following spells:

 Your Spells              Type           Power        Failure   Level  Hunger
a - Magic Dart            Conj           ####         1%          1    None
b - Call Imp              Summ           ###.....     4%          2    None
c - Blink                 Tloc           N/A          10%         2    None
d - Repel Missiles        Chrm/Air       #.....       14%         2    None
e - Mephitic Cloud        Conj/Pois/Air  ###.....     12%         3    #......
f - Conjure Flame         Conj/Fire      ###.....     10%         3    #......


Dungeon Overview and Level Annotations

Branches:
Dungeon (4/15)
 Temple: D:4-7

Altars:
Fedhas
Gozag
Qazlal
Sif Muna
Trog

Annotations:
D:4 Duvessa


Message History

Casting: Mephitic Cloud
Confirm with . or Enter, or press ? or * to list all spells.
You blink.
* * * LOW HITPOINT WARNING * * *
You feel sick.
* * * LOW HITPOINT WARNING * * *
You feel sick.
There is a stone staircase leading up here.
* * * LOW HITPOINT WARNING * * *
You feel sick.
You climb upwards.
* * * LOW HITPOINT WARNING * * *
You feel sick.
There is a stone staircase leading down here.
Read which item? (? for menu, Esc to quit)
As you read the scroll labeled LOELITR LAVO, it crumbles to dust.
It is a scroll of identify.
Identify which item? (\ to view known items) (? for menu, Esc to quit)
g - 2 potions of curing You die...

.'....#
#.#.#
.######
#.#.# .#
#...# .#
##..## ##
#...#
#...#
#...#
##'## #@#
#.# #.#
#.# #.#
#.#######
#.......#
#######.#
#.#


There were no monsters in sight!

Vanquished Creatures
  The ghost of Guinours the Sneak, an amateur OpAs of Fedhas (D:4)
  An ogre (D:4)
  Dowan (D:4)
  An orc wizard (D:4)
  A gnoll (D:4)
  5 adders
  An adder skeleton (D:4)
  3 worms
  2 giant geckos
  2 orcs (D:4)
  A ball python (D:3)
  2 giant cockroaches
  11 hobgoblins
  7 jackals
  A quokka (D:4)
  6 bats
  5 giant newts
  14 goblins
  11 kobolds
  A quokka skeleton (D:4)
  5 rats
82 creatures vanquished.

Vanquished Creatures (collateral kills)
  A worker ant (D:3)
  2 gnolls (D:4)
  6 jackals
  2 bats
  A giant newt (D:3)
  3 goblins (D:2)
  A rat (D:3)
16 creatures vanquished.

Vanquished Creatures (others)
  A quokka (D:4)
1 creature vanquished.

Grand Total: 99 creatures vanquished

Notes
Turn   | Place    | Note
--------------------------------------------------------------
     0 | D:1      | Mefis the Deep Elf Wizard began the quest for the Orb.
     0 | D:1      | Reached XP level 1. HP: 10/10 MP: 7/7
   257 | D:1      | Reached XP level 2. HP: 15/15 MP: 7/9
   266 | D:1      | Learned a level 2 spell: Call Imp
   269 | D:1      | Learned a level 2 spell: Blink
   272 | D:1      | Learned a level 2 spell: Repel Missiles
   981 | D:2      | Found an opulent altar of Gozag.
   999 | D:2      | You fall through a shaft for 2 floors!
  1068 | D:3      | Found a faded altar to an unknown god.
  1215 | D:3      | Reached XP level 3. HP: 19/19 MP: 1/11
  1236 | D:3      | Learned a level 3 spell: Mephitic Cloud
  1591 | D:2      | Reached skill level 5 in Spellcasting
  1666 | D:2      | Found a bloodstained altar of Trog.
  1893 | D:2      | Reached XP level 4. HP: 24/24 MP: 13/13
  1901 | D:2      | Learned a level 3 spell: Conjure Flame
  2124 | D:2      | Found a deep blue altar of Sif Muna.
  2132 | D:2      | Became a worshipper of Sif Muna the Loreminder
  2589 | D:3      | Found a blossoming altar of Fedhas.
  3060 | D:3      | Found a stormy altar of Qazlal.
  3173 | D:3      | Reached XP level 5. HP: 28/28 MP: 11/14
  3501 | D:3      | Reached skill level 1 in Poison Magic
  3643 | D:4      | Reached skill level 1 in Fire Magic
  3852 | D:4      | Noticed an ogre
  3865 | D:4      | Killed an ogre
  3865 | D:4      | Reached skill level 1 in Shields
  3865 | D:4      | Reached skill level 1 in Invocations
  3865 | D:4      | Reached XP level 6. HP: 32/32 MP: 1/16
  3997 | D:4      | Noticed Guinours's ghost (amateur OpAs)
  4000 | D:4      | Noticed Duvessa
  4000 | D:4      | Noticed Dowan
  4004 | D:4      | Noticed a yak
  4006 | D:4      | Noticed a yak
  4006 | D:4      | Noticed a yak
  4216 | D:4      | Killed Guinours's ghost
  4341 | D:4      | Killed Dowan
  4347 | D:3      | Succumbed to Duvessa's poison

Skill      XL: |  1  2  3  4  5 |
---------------+----------------+-----
Conjurations   | 2 3 |  3.8
Spellcasting   | 5 |  5.8
Stealth        | 3 |  3.8
Dodging        | 3 |  3.5
Summonings     | 2 |  2.6
Poison Magic   | 1 |  1.5
Fire Magic     | 1 |  1.9
Shields        | 1 |  1.4
Invocations    | 1 |  1.4
Translocations | |  1.1

Action                   |  1- 3 |  4- 6 || total
-------------------------+-------+-------++-------
Melee: Dagger            |     3 |       ||     3
       Short sword       |     8 |    20 ||    28
 Fire: Shortbow          |       |    35 ||    35
 Cast: Magic Dart        |    91 |   110 ||   201
       Call Imp          |     5 |     9 ||    14
       Repel Missiles    |     2 |       ||     2
       Mephitic Cloud    |       |     8 ||     8
       Conjure Flame     |       |     7 ||     7
       Blink             |       |     1 ||     1
  Use: Scroll            |       |     1 ||     1
 Stab: Sleeping          |     4 |     1 ||     5
       Confused          |       |     2 ||     2
  Eat: Chunk             |     3 |     7 ||    10
Armor: Robe              |    12 |    12 ||    24
Dodge: Dodged            |    39 |    29 ||    68
       Deflected         |     2 |     2 ||     4
